 Dungeon Crawl Stone Soup version 0.19.0-19-g8c6edcc (webtiles) character file.

86 ImaNewbie the Chopper (level 4, -6/35 HPs)
             Began as a Formicid Fighter on Nov 12, 2016.
             Splashed by a jelly's acid (9 damage)
             ... on level 3 of the Dungeon.
             The game lasted 00:04:00 (1583 turns).

ImaNewbie the Chopper (Formicid Fighter)            Turns: 1583, Time: 00:04:02

Health: -6/35      AC: -1    Str: 22    XL:     4   Next: 77%
Magic:  4/4        EV:  8    Int:  7    God:
Gold:   88         SH:  9    Dex: 10    Spells: 0 memorised, 3 levels left

rFire  . . .     SeeInvis +     a - +0 war axe
rCold  . . .     Gourm    .     b - +0 scale mail
rNeg   . . .     Faith    .     c - +0 shield
rPois  +         Spirit   .     (helmet unavailable)
rElec  .         Reflect  .     (no cloak)
rCorr  .         Harm     .     (no gloves)
MR     .....                    (no boots)
Stlth  ..........               (no amulet)
                                (no ring)
                                o - ring of poison resistance

@: corroded
A: permanent stasis, dig shafts and tunnels, four strong arms, antennae 3
a: Dig, Shaft Self


You were on level 3 of the Dungeon.
You were not hungry.

You visited 1 branch of the dungeon, and saw 3 of its levels.

You collected 88 gold pieces.

Inventory:

Hand Weapons
 a - a +0 war axe (weapon)
Missiles
 j - 5 needles of confusion
Armour
 b - a +0 scale mail (worn)
 c - a +0 shield (worn)
Jewellery
 o - a ring of poison resistance (left hand)
Scrolls
 e - a scroll of enchant weapon {unknown}
 g - a scroll of immolation {unknown}
 h - 4 scrolls of identify {unknown}
 l - a scroll of amnesia {unknown}
 m - 2 scrolls of blinking {unknown}
Potions
 d - a potion of might
 n - 2 potions of curing {unknown}
 p - a potion of lignification {unknown}
 q - a potion of degeneration {unknown}
Comestibles
 f - 2 bread rations
 i - 3 meat rations
 k - 4 chunks of flesh


   Skills:
 - Level 3.2 Fighting
 + Level 4.6 Axes
 - Level 3.2 Armour
 - Level 3.6 Shields


You had 3 spell levels left.
You didn't know any spells.

Dungeon Overview and Level Annotations

Branches:
Dungeon (3/15)

Altars:
Gozag
Kikubaaqudgha
Ru
Vehumet
Zin


Innate Abilities, Weirdness & Mutations

You are under a permanent stasis effect.
You can dig through walls and to a lower floor.
Your four strong arms can wield two-handed weapons with a shield.
You have a pair of large antennae on your head. (SInv)


Message History

The jelly jiggles.
You hit the jelly.
Your hands burn!
The jelly is moderately wounded.
You block the jelly's attack. The jelly hits you. The acid corrodes you!
You are splashed with acid!
The acid burns!
You hit the jelly.
Your hands burn!
The jelly is heavily wounded.
The jelly hits you. The acid corrodes you!
You are splashed with acid!
The acid burns!
You hit the jelly but do no damage.
Your hands burn!
* * * LOW HITPOINT WARNING * * *
The jelly is heavily wounded.
The jelly barely misses you.
You slash the jelly!
Your hands burn!
* * * LOW HITPOINT WARNING * * *
The jelly is almost dead.
The jelly closely misses you. The jelly hits you.
* * * LOW HITPOINT WARNING * * *
You are splashed with acid!
The acid burns!
You die...

#.....#.....#
#.###.##....###..
#.##...........#.
#.##..##.....#...
#.##..##..#..#..#
#.##..#..###...##
#.##..#...#..#..#
######.#...#.....###..
#...J@?.......#..# ...
#.####....#####..# .##
###..# #..# #..# ..#
#..# .# .... ##....
#.####


You could see a jelly.

Vanquished Creatures
  Robin (D:2)
  An adder (D:2)
  An ooze (D:3)
  2 worms (D:2)
  A dart slug (D:1)
  A leopard gecko (D:1)
  8 bats
  2 giant cockroaches (D:1)
  8 goblins (D:2)
  13 hobgoblins
  4 kobolds
  A quokka (D:2)
  3 rats (D:2)
46 creatures vanquished.

Notes
Turn   | Place    | Note
-------+----------+-------------------------------------------
     0 | D:1      | ImaNewbie the Formicid Fighter began the quest for the Orb.
     0 | D:1      | Reached XP level 1. HP: 18/18 MP: 1/1
    73 | D:1      | Reached XP level 2. HP: 21/24 MP: 2/2
   174 | D:1      | Reached skill level 3 in Axes
   358 | D:1      | Reached XP level 3. HP: 29/29 MP: 3/3
  1050 | D:2      | Reached skill level 4 in Axes
  1050 | D:2      | Reached XP level 4. HP: 35/35 MP: 4/4
  1059 | D:2      | Found a radiant altar of Vehumet.
  1061 | D:2      | Found an ancient bone altar of Kikubaaqudgha.
  1062 | D:2      | Found a sacrificial altar of Ru.
  1065 | D:2      | Noticed Robin
  1066 | D:2      | Found a glowing silver altar of Zin.
  1297 | D:2      | Killed Robin
  1329 | D:2      | Found an opulent altar of Gozag.
  1583 | D:3      | Splashed by a jelly's acid

Skill      XL: |  1  2  3 |
---------------+----------+-----
Axes           | 3 4 |  4.6
Fighting       | |  3.2
Armour         | |  3.2
Shields        | |  3.6

Action                   |  1- 3 |  4- 6 || total
-------------------------+-------+-------++-------
Melee: War axe           |    86 |    29 ||   115
  Eat: Chunk             |     1 |     1 ||     2
Armor: Scale mail        |    48 |    11 ||    59
Dodge: Dodged            |    25 |    18 ||    43
Block: Shield            |    58 |    23 ||    81
